 Dungeon Crawl Stone Soup version 0.17-a0-1850-g688e747 (webtiles) character file.

1248 Enish the Zephyrmancer (level 8, -1/46 HPs)
             Began as a High Elf Air Elementalist on Sept 18, 2015.
             Was a Believer of Sif Muna.
             Slain by a wyvern zombie (13 damage)
             ... on level 6 of the Dungeon.
             The game lasted 00:21:24 (5558 turns).

Enish the Zephyrmancer (High Elf Air Elementalist)  Turns: 5558, Time: 00:21:24

Health: -1/46      AC:  4    Str:  7    XL:     8   Next: 26%
Magic:  7/13       EV: 16    Int: 20    God:    Sif Muna [**....]
Gold:   368        SH:  0    Dex: 21    Spells: 4 memorised, 5 levels left

rFire  . . .     SeeInvis .     a - +2 whip (elec)
rCold  + . .     Clarity  .     y - +0 robe
rNeg   . . .     SustAt   .     (no shield)
rPois  .         Gourm    .     (no helmet)
rElec  .         Spirit   .     (no cloak)
rCorr  .         Warding  .     j - +1 pair of gloves
rMut   .         Stasis   .     (no boots)
MR     .....                    (no amulet)
Stlth  ++........               u - +4 ring of dexterity
                                l - ring of protection from cold

@: repel missiles, not resistant to hostile enchantments, unstealthy
A: no striking features
a: Channel Energy, Forget Spell, Renounce Religion


You were on level 6 of the Dungeon.
You worshipped Sif Muna.
Sif Muna was pleased with you.
You were not hungry.

You visited 1 branch of the dungeon, and saw 6 of its levels.

You collected 368 gold pieces.

Inventory:

Hand weapons
 a - a +2 whip of electrocution (weapon)
 b - a +4 shortbow
 g - a +0 club
Missiles
 e - 12 arrows of frost
 h - 52 arrows
 p - 2 tomahawks (quivered)
 q - 32 bolts
 t - 28 poisoned needles
Armour
 j - a +1 pair of gloves (worn)
 k - a +0 shield
 y - a +0 robe (worn)
Magical staves
 w - an uncursed staff of earth
Jewellery
 l - a ring of protection from cold (left hand)
 u - a +4 ring of dexterity (right hand)
 D - an uncursed ring of sustain attributes
Magical devices
 A - a wand of frost (18)
 C - a wand of teleportation (5)
 G - a wand of teleportation (5)
Scrolls
 s - 3 scrolls of remove curse
 B - 2 scrolls of teleportation
 I - a scroll of identify
Potions
 d - 2 potions of poison
 i - a potion of flight
 m - 2 potions of heal wounds
 o - a potion of mutation {unknown}
 r - 6 potions of curing
 v - a potion of haste
 x - a potion of degeneration
 E - a potion of magic {unknown}
 F - a potion of ambrosia {unknown}
Books
 H - a book of Air

   Spells                             Type                      Level
   a - Shock                          Conjuration/Air              1
   b - Swiftness                      Charms/Air                   2
   c - Repel Missiles                 Charms/Air                   2
   d - Static Discharge               Conjuration/Air              3
   e - Lightning Bolt                 Conjuration/Air              5
Comestibles
 c - 4 bread rations
 f - a meat ration
 z - 5 chunks of flesh


   Skills:
 + Level 4.5 Dodging
 - Level 2.1 Stealth
 - Level 3.0 Spellcasting
 * Level 7.0 Conjurations
 * Level 8.6 Air Magic


You had 5 spell levels left.
You knew the following spells:

 Your Spells              Type           Power        Failure   Level  Hunger
a - Shock                 Conj/Air       ####         1%          1    None
b - Static Discharge      Conj/Air       ####....     1%          3    ###....
q - Swiftness             Chrm/Air       ###.....     3%          2    ##.....
w - Repel Missiles        Chrm/Air       ###...       3%          2    ##.....


Dungeon Overview and Level Annotations

Branches:
Dungeon (6/15)             Temple (0/1) D:6

Altars:
Cheibriados
Kikubaaqudgha
Okawaru
Sif Muna
Yredelemnul

Annotations:
D:6 chimenez's ghost, experienced GrFi


Message History

Aim: a giant frog zombie The zap hits the giant frog zombie.
The giant frog zombie hits you but does no damage.
A wyvern zombie comes into view.
Casting: Shock
Confirm with . or Enter, or press ? or * to list all spells.
Okay, then.
You hear the crackle of electricity.
a - a +2 whip of electrocution (weapon)
You closely miss the giant frog zombie. The giant frog zombie hits you.
The giant frog zombie misses you.
You barely miss the giant frog zombie. The wyvern zombie barely misses you.
The giant frog zombie barely misses you.
The wyvern zombie bites you.
You whack the giant frog zombie! The giant frog zombie hits you.
The wyvern zombie barely misses you. The giant frog zombie hits you.
* * * LOW HITPOINT WARNING * * *
The wyvern zombie completely misses you.
The wyvern zombie bites you!
You die...

.##.......##..
.##.####.<##.#
)##.####..##.#
..#.##.....#.#
#......#...#.#
#..........#.#
#.#........#.##
..####.###....####### .###
#.# #..<...@ZZ.#
8..###.###.....####.########
....................(...(.?.
.......###.#.#.###..†.......
..............## #..###...(.
....##.######## #..# ....
....##.# #..# ... .......#
#..# .. ....#### #..# #


You could see a giant frog zombie and a wyvern zombie.

Vanquished Creatures
  A hippogriff (D:5)
  Duvessa (D:6)
  An ogre (D:5)
  2 phantoms
  A centaur (D:6)
  3 scorpions
  A crimson imp (D:5)
  A giant frog zombie (D:5)
  A hound (D:6)
  An orc wizard (D:6)
  2 orc priests
  2 iguanas
  5 worker ants
  A hound zombie (D:5)
  5 adders
  A gnoll (D:6)
  An ooze (D:2)
  A worm (D:3)
  2 adder skeletons (D:4)
  3 giant geckos (D:3)
  16 orcs
  3 ball pythons
  10 bats
  6 giant cockroaches
  4 hobgoblins
  9 jackals
  2 quokkas
  6 giant newts
  7 goblins
  A jackal skeleton (D:5)
  A jackal zombie (D:6)
  13 kobolds
  6 rats
120 creatures vanquished.

Vanquished Creatures (others)
  5 toadstools (D:1)
5 creatures vanquished.

Grand Total: 125 creatures vanquished

Notes
Turn   | Place    | Note
--------------------------------------------------------------
     0 | D:1      | Enish the High Elf Air Elementalist began the quest for the Orb.
     0 | D:1      | Reached XP level 1. HP: 11/11 MP: 4/4
   481 | D:1      | Reached XP level 2. HP: 17/17 MP: 4/6
   488 | D:1      | Found a snail-covered altar of Cheibriados.
   509 | D:1      | Reached skill level 4 in Air Magic
   513 | D:1      | Learned a level 2 spell: Repel Missiles
   516 | D:1      | Learned a level 2 spell: Swiftness
  1256 | D:2      | Reached XP level 3. HP: 17/21 MP: 1/8
  1763 | D:2      | Found a basalt altar of Yredelemnul.
  2262 | D:2      | Learned a level 3 spell: Static Discharge
  2467 | D:3      | Reached XP level 4. HP: 27/27 MP: 6/9
  2513 | D:3      | Found a deep blue altar of Sif Muna.
  2541 | D:3      | Became a worshipper of Sif Muna the Loreminder
  2874 | D:3      | Reached skill level 5 in Air Magic
  3087 | D:4      | Noticed a phantom
  3106 | D:4      | Killed a phantom
  3106 | D:4      | Reached XP level 5. HP: 27/31 MP: 0/10
  3626 | D:4      | Acquired Sif Muna's first power
  3626 | D:4      | Reached skill level 6 in Air Magic
  3626 | D:4      | Reached XP level 6. HP: 27/36 MP: 4/11
  4232 | D:5      | Entered Level 5 of the Dungeon
  4416 | D:5      | Reached skill level 5 in Conjurations
  4452 | D:5      | Noticed a hippogriff
  4468 | D:5      | Killed a hippogriff
  4468 | D:5      | Reached skill level 7 in Air Magic
  4468 | D:5      | Reached XP level 7. HP: 27/41 MP: 5/12
  4852 | D:5      | Acquired Sif Muna's second power
  4889 | D:5      | Found an iron altar of Okawaru.
  5087 | D:6      | Found a staircase to the Ecumenical Temple.
  5098 | D:6      | Noticed chimenez's ghost (experienced GrFi)
  5120 | D:6      | Found an ancient bone altar of Kikubaaqudgha.
  5137 | D:6      | Noticed Duvessa
  5160 | D:6      | Killed Duvessa
  5248 | D:6      | Reached skill level 8 in Air Magic
  5250 | D:6      | Reached XP level 8. HP: 43/46 MP: 3/13
  5558 | D:6      | Slain by a wyvern zombie

Vault maps used:
D:1:      ldierk_walled_garden, cheibriados_altar_1
D:2:      lemuel_round_altar
D:3:      old_standard_altar
D:5:      kennysheep_mini, first_bread
D:6:      kiku_gazebo_pond_becter, tgw_trog, temple_statues, uniq_duvessa

Action                   |  1- 3 |  4- 6 |  7- 9 || total
-------------------------+-------+-------+-------++-------
Melee: Club              |    33 |       |       ||    33
       Whip              |       |    11 |    15 ||    26
 Fire: Shortbow          |       |       |     2 ||     2
Throw: Stone             |       |     5 |       ||     5
 Cast: Shock             |   108 |   119 |    73 ||   300
       Repel Missiles    |     2 |       |       ||     2
       Static Discharge  |       |     2 |     3 ||     5
  Use: Scroll            |     5 |     9 |     4 ||    18
       Potion            |       |       |     1 ||     1
  Eat: Chunk             |     5 |     4 |     1 ||    10
       Royal jelly       |       |     1 |       ||     1
       Meat ration       |       |       |     1 ||     1
